 Dungeon Crawl Stone Soup version 0.28-a0-804-g60983d4ba9 (webtiles) character file.

Game seed: 11214831052826383344

1082 jasper the Arsonist (level 8, -21/58 HPs)
             Began as a Demonspawn Cinder Acolyte on Nov 7, 2021.
             Was an Initiate of Ignis.
             Demolished by an ogre (30 damage)
             ... on level 4 of the Dungeon.
             The game lasted 00:08:24 (6109 turns).

jasper the Arsonist (Demonspawn Cinder Acolyte)     Turns: 6109, Time: 00:08:24

Health: -21/58     AC:  4    Str: 16    XL:     8   Next: 8%
Magic:  4/9        EV: 11    Int: 17    God:    Ignis [......]
Gold:   179        SH:  0    Dex:  8    Spells: 7/9 levels left

rFire   + . .      SeeInvis .   l - +0 short sword (venom)
rCold   . . .      Faith    .   (no shield)
rNeg    . . .      Spirit   .   n - +0 troll leather armour {Pargi}
rPois   .          Reflect  .   (helmet restricted)
rElec   .          Harm     .   (no cloak)
rCorr   .          Rampage  .   (no gloves)
Will    .....                   (no boots)
Stlth   +.........              (no amulet)
HPRegen 1.19/turn               (no ring)
MPRegen 0.11/turn               (no ring)

@: no status effects
A: antennae 1, powered by death 1, demonic magic 1
a: Renounce Religion, Rising Flame


You were on level 4 of the Dungeon.
You worshipped Ignis.
Ignis was noncommittal.
You visited 1 branch of the dungeon, and saw 5 of its levels.

You collected 179 gold pieces.

Inventory:

Hand Weapons
 a - a -1 spear of flaming
 l - a +0 short sword of venom (weapon)
Missiles
 d - 154 stones
 e - 8 poisoned darts
Armour
 b - a +0 robe
 c - a +0 buckler
 n - a +0 troll leather armour (worn) {Pargi}
Wands
 q - a wand of acid (5)
Scrolls
 g - a scroll of teleportation
 k - 4 scrolls of identify
 o - a scroll of brand weapon {unknown}
 p - a scroll of acquirement {unknown}
 r - a scroll of fear
Potions
 f - a potion of magic {unknown}
 h - a potion of mutation
 i - 3 potions of flight
 j - a potion of curing
 m - 2 potions of lignification {unknown}


   Skills:
 + Level 3.0 Fighting
 - Level 2.6 Polearms
 * Level 0.6 Armour
 - Level 4.0 Shields
 + Level 1.1 Spellcasting
 - Level 8.0 Fire Magic


You had 7 spell levels left.
You knew the following spells:

 Your Spells              Type           Power      Damage    Failure   Level
a - Scorch                Fire           56%        2d8       1%          2

Your spell library contained the following spells:

 Spells                   Type           Power      Damage    Failure   Level
 Frozen Ramparts          Ice            0%         1d2       61%         3
 Ice Form                 Ice/Tmut       0%         N/A       95%         4
 Summon Ice Beast         Ice/Summ       0%         N/A       95%         4


Dungeon Overview and Level Annotations

Branches:
Dungeon (5/15)             Temple (0/1) D:4

Altars:
Makhleb
Ru
The Shining One


Innate Abilities, Weirdness & Mutations

You have a pair of small antennae on your head.
You regenerate a little health from kills.
Spells you cast may paralyse adjacent enemies.


Message History

The ice beast freezes you.
You take 18 damage, and have 40/58 hp.
MASSIVE DAMAGE!!
You now have 7/9 mp.
The ice beast hits you but does no damage.
The ogre hits you with a +0 giant club!
You climb upwards.
There is a stone staircase leading down, spattered with blood here.
You take 10 damage, and have 30/58 hp.
Casting: Scorch (safe; 1% risk of failure)
Press: ? - help, Q - select action, (/) - cycle Dir - look around, f - activate Flames lash the ice beast.
The ice beast melts!
The ice beast is almost dead.
Malevolent energies surge around you. The ice beast hits you.
The ice beast freezes you!
* * * LOW HITPOINT WARNING * * *
The ogre hits you with a +0 giant club!
* * * LOW HITPOINT WARNING * * *
You take 20 damage, and have 10/58 hp.
MASSIVE DAMAGE!!
You now have 5/9 mp.
The ice beast hits you but does no damage.
The ice beast is no longer more vulnerable to fire.
Casting: Scorch (safe; 1% risk of failure)
Press: ? - help, Q - select action, (/) - cycle Dir - look around, f - activate Flames lash the ogre.
The ogre is moderately wounded.
The ogre's fire resistance burns away.
Malevolent energies surge around you. The ice beast hits you.
* * * LOW HITPOINT WARNING * * *
The ice beast freezes you!
* * * LOW HITPOINT WARNING * * *
You take 7 damage, and have 5/58 hp.
You now have 3/9 mp.
Okay, then.
Aiming: Corrosive Bolt
Press: ? - help, Shift-Dir - straight line, f - ice beast
Aim: an ice beast (almost dead, 71% to hit)
The bolt of acid misses the ice beast.
The bolt of acid hits the ogre!
The acid corrodes the ogre!
The ogre is severely wounded.
The ice beast barely misses you.
The ogre hits you with a +0 giant club!!
Ouch! That really hurt!
You die...

### #### #.##### ##..#
#...#.### ##...##
##.......#######.....###
#...........##.........##
#.......................##
#####................#...##.)#
#...........Y.......#....###).
#..#....[...O@.....##....# ##.
####''####[>######....#....##
## #≈≈≈.)≈≈≈#.## ##..##...## #
#≈......≈#.# #...##..##
#≈.8♣♣8.≈### #...#...#
#≈.♣♣♣♣.≈# ##...#..## #≈.♣♣
♣.≈########...#...# #≈.8♣
8.≈#..........#...##
#≈......≈#...............####


You could see an ice beast and an ogre (combustible, corroded).

Vanquished Creatures
  Sigmund (D:2)
  Duvessa (D:4)
  A water moccasin (D:3)
  Pargi (D:3)
  An ogre (D:4)
  A scorpion (D:4)
  Dowan (D:4)
  4 orc priests
  Ijyb (D:4)
  An orc wizard (D:4)
  Natasha (thrice) (D:2)
  Robin (D:2)
  3 gnolls (D:3)
  2 adders (D:3)
  A white imp (D:3)
  3 worms
  4 dart slugs
  14 orcs
  9 ball pythons
  8 endoplasms
  4 giant cockroaches
  11 goblins
  9 hobgoblins
  6 jackals (D:3)
  A quokka (D:2)
  2 bats
  5 frilled lizards
  7 kobolds
  5 rats
111 creatures vanquished.

Vanquished Creatures (others)
  94 foxfires
94 creatures vanquished.

Grand Total: 205 creatures vanquished

Notes
Turn   | Place    | Note
-------+----------+-------------------------------------------
     0 | D:1      | jasper the Demonspawn Cinder Acolyte began the quest for
                  | the Orb.
     0 | D:1      | Reached XP level 1. HP: 18/18 MP: 2/2
   125 | D:1      | Reached skill level 3 in Fire Magic
   255 | D:1      | Gained mutation: You regenerate a little health from kills.
                  | [demonic ancestry]
   255 | D:1      | Reached XP level 2. HP: 20/24 MP: 3/3
   343 | D:1      | Learned a level 2 spell: Scorch
  1443 | D:2      | Gained mutation: You have a pair of small antennae on your
                  | head. [demonic ancestry]
  1443 | D:2      | Reached XP level 3. HP: 29/29 MP: 1/4
  1639 | D:2      | Noticed Sigmund
  1658 | D:2      | HP: 1/29 [something/magic dart (10)]
  1670 | D:2      | Killed Sigmund
  1671 | D:2      | Reached skill level 5 in Fire Magic
  1671 | D:2      | Reached XP level 4. HP: 2/35 MP: 5/5
  1671 | D:2      | Reached XP level 5. HP: 3/41 MP: 6/6
  1968 | D:2      | Noticed Natasha
  1971 | D:2      | Killed Natasha
  2132 | D:2      | Noticed Natasha
  2139 | D:2      | Killed Natasha
  2140 | D:2      | Reached skill level 6 in Fire Magic
  2153 | D:2      | Noticed Natasha
  2156 | D:2      | Killed Natasha
  2212 | D:2      | Reached XP level 6. HP: 32/47 MP: 0/7
  2500 | D:2      | Found a faded altar of an unknown god.
  2736 | D:2      | Identified the -6 helmet of Infinity {rPois Dex+5}
  2736 | D:2      | Noticed Robin
  2741 | D:2      | Killed Robin
  2968 | D:3      | Found a burning altar of Makhleb.
  3072 | D:3      | Noticed a water moccasin
  3076 | D:3      | Killed a water moccasin
  3077 | D:3      | Reached skill level 7 in Fire Magic
  3206 | D:3      | Gained mutation: Spells you cast may paralyse adjacent
                  | enemies. [demonic ancestry]
  3206 | D:3      | Reached XP level 7. HP: 34/52 MP: 0/8
  4076 | D:3      | Found a sacrificial altar of Ru.
  4280 | D:3      | Noticed Pargi
  4289 | D:3      | Killed Pargi
  4778 | D:4      | Found a staircase to the Ecumenical Temple.
  4874 | D:4      | Reached skill level 8 in Fire Magic
  4874 | D:4      | Reached skill level 1 in Shields
  5651 | D:4      | Noticed Ijyb
  5654 | D:4      | Killed Ijyb
  6013 | D:5      | Entered Level 5 of the Dungeon
  6013 | D:5      | Noticed Duvessa
  6013 | D:5      | Noticed Dowan
  6020 | D:4      | Killed Dowan
  6021 | D:4      | HP: 1/52 [Duvessa (17)]
  6022 | D:4      | Killed Duvessa
  6023 | D:4      | Reached XP level 8. HP: 3/58 MP: 0/9
  6109 | D:4      | Demolished by an ogre

Illustrated notes

Levels and vault maps discovered:
D:1:      roderic_octagonal_star, layout_loops_corners,
          minmay_misc_feat_four_crosses
D:2:      minmay_spotlight, layout_loops_ring, basic_altar,
          shapermc_ecumenical_altar_notcrosses, uniq_natasha, uniq_robin,
          uniq_sigmund
D:3:      layout_basic, nicolae_ru_awakened_eye,
          mainiacjoe_overflow_small_starburst, uniq_pargi
D:4:      layout_layer_cave, minmay_temple_entry_statues_fountains,
          kennysheep_generic_room_6, uniq_ijyb
D:5:      layout_cave_pools, trog_three_pillars_becter, uniq_duvessa

Skill      XL: |  1  2  3  4  5  6  7 |
---------------+----------------------+-----
Fire Magic     | 3 5 6 7 8 |  8.0
Shields        | 4 |  4.0
Fighting       | |  3.0
Polearms       | |  2.6
Armour         | |  0.6
Spellcasting   | |  1.1

Action                   |  1- 3 |  4- 6 |  7- 9 || total
-------------------------+-------+-------+-------++-------
Melee: Spear             |    67 |    33 |    12 ||   112
       Short sword       |       |       |    18 ||    18
Throw: Stone             |     3 |       |       ||     3
 Cast: Scorch            |    17 |    32 |    66 ||   115
Invok: Foxfire Swarm     |     2 |     4 |     2 ||     8
Evoke: Wand              |       |       |     4 ||     4
  Use: Scroll            |     2 |     1 |     4 ||     7
       Potion            |       |       |     3 ||     3
 Stab: Sleeping          |     1 |       |       ||     1
       Paralysed         |       |       |     3 ||     3
Armor: Robe              |     6 |     3 |     1 ||    10
       Troll leather arm |       |       |    15 ||    15
Dodge: Dodged            |    35 |    10 |    25 ||    70

Table legend: (Time is in decaauts)
 A = Elapsed time spent in this place.
 B = Non-inter-level travel time spent in this place.
 C = Inter-level travel time spent in this place.
 D = Time resting spent in this place.
 E = Time spent auto-exploring this place.
 F = Levels seen in this place.
 G = Mean time per level.
                   A        B        C        D        E       F      G
               +--------+--------+--------+--------+--------+-----+--------+
         Total |   6119 |   5974 |    145 |    627 |   4559 |   5 | 1223.8 |
       Dungeon |   6119 |   5974 |    145 |    627 |   4559 |   5 | 1223.8 |
               +--------+--------+--------+--------+--------+-----+--------+

Top non-repeatable levels by time:
     D:3: 2099 daAuts
     D:2: 1518 daAuts
     D:1: 1329 daAuts
     D:4: 1162 daAuts
     D:5: 9 daAuts
